 Dungeon Crawl Stone Soup version 0.25-a0-102-gbfa96ce22d (webtiles) character file.

Game seed: 16233945974987895690, levelgen mode: deterministic

52479 vurker the Eclecticist (level 14, -7/108 HPs)
             Began as a Mummy Fire Elementalist on Nov 15, 2019.
             Was an Initiate of Gozag.
             Mangled by an eight-headed hydra (12 damage)
             ... on level 12 of the Dungeon.
             The game lasted 00:59:08 (31291 turns).

vurker the Eclecticist (Mummy Fire Elementalist)   Turns: 31291, Time: 00:59:08

Health: -7/108     AC: 11    Str: 15    XL:     14   Next: 27%
Magic:  3/42       EV: 12    Int: 18    God:    Gozag
Gold:   4026       SH:  0    Dex: 13    Spells: 27/43 levels left

rFire    . . .     SeeInvis .   a - +4 trident of Superiority {freeze, rElec rPois MR+ Str+3}
rCold    + . .     Gourm    .   (no shield)
rNeg     + + +     Faith    .   B - +1 robe
rPois    ∞         Spirit   .   E - +2 helmet
rElec    +         Reflect  .   G - +0 cloak
rCorr    .         Harm     .   q - +0 pair of gloves
MR       ++...                  o - +2 pair of boots
Stlth    ++........             e - amulet of magic regeneration
HPRegen  0.28/turn              m - ring of protection from fire
MPRegen  0.53/turn              h - ring of magical power

@: gold aura, very slightly contaminated
A: no food or potions, fire vulnerability, cold resistance 1, negative energy
resistance 3, torment resistance, unbreathing, in touch with death 1
a: Potion Petition, Call Merchant, Bribe Branch, Renounce Religion


You were on level 12 of the Dungeon.
You worshipped Gozag.
Gozag was most pleased with you.
You were not hungry.

You visited 3 branches of the dungeon, and saw 19 of its levels.

You collected 5378 gold pieces.
You spent 677 gold pieces at shops.
You paid 675 gold pieces to Gozag.

Inventory:

Hand Weapons
 a - the +4 trident of Superiority (weapon) {freeze, rElec rPois MR+ Str+3}
   (You found it on level 1 of the Lair of Beasts)

   It has been specially enchanted to freeze those struck by it, causing extra
   injury to most foes and up to half again as much damage against particularly
   susceptible opponents.
   It can also slow down cold-blooded creatures.
   It affects your strength (+3).
   It insulates you from electricity.
   It protects you from poison.
   It affects your resistance to hostile enchantments.
Missiles
 k - a throwing net (quivered)
Armour
 o - a +2 pair of boots (worn)
   (You found it on level 4 of the Dungeon)
 q - a +0 pair of gloves (worn)
   (You found it on level 9 of the Dungeon)
 B - a +1 robe (worn)
 E - a +2 helmet (worn)
   (You found it on level 5 of the Lair of Beasts)
 G - a +0 cloak (worn)
   (You found it on level 6 of the Lair of Beasts)
Magical Staves
 u - an uncursed staff of wizardry
   (You found it on level 10 of the Dungeon)
Jewellery
 e - an amulet of magic regeneration (around neck)
   (You found it on level 11 of the Dungeon)
 h - a ring of magical power (right hand)
   (You found it on level 1 of the Dungeon)
 m - a ring of protection from fire (left hand)
   (You found it on level 3 of the Dungeon)
 s - an uncursed ring of protection from fire
   (You found it on level 10 of the Dungeon)
 y - an uncursed ring of resist corrosion
   (You found it on level 1 of the Dungeon)
 A - an uncursed ring of see invisible
   (You found it on level 11 of the Dungeon)
Wands
 c - a wand of disintegration (8)
   (You found it on level 4 of the Lair of Beasts)
 d - a wand of iceblast (4)
   (You found it on level 2 of the Lair of Beasts)
 t - a wand of flame (22)
   (You found it on level 2 of the Lair of Beasts)
 v - a wand of digging (5)
   (You took it off Ijyb on level 4 of the Dungeon)
Scrolls
 b - 2 scrolls of immolation
 f - 6 scrolls of enchant armour
 g - 3 scrolls of amnesia
 i - a scroll of fog
 j - 10 scrolls of remove curse
 l - 7 scrolls of teleportation
 n - 11 scrolls of identify
 p - a scroll of summoning
 r - 2 scrolls of blinking
 x - 8 scrolls of fear
 C - 9 scrolls of magic mapping
 D - 2 scrolls of enchant weapon
Miscellaneous
 w - a phial of floods
   (You found it on level 10 of the Dungeon)


   Skills:
 + Level 9.3 Fighting
 - Level 1.5 Dodging
 - Level 1.5 Stealth
 * Level 15.2 Spellcasting
 * Level 11.1 Conjurations
 * Level 11.4 Fire Magic
 - Level 5.0 Evocations


You had 27 spell levels left.
You knew the following spells:

 Your Spells              Type           Power        Failure   Level  Hunger
a - Flame Tongue          Conj/Fire      #####        1%          1    N/A
c - Conjure Flame         Conj/Fire      ######..     1%          3    N/A
q - Sticky Flame          Conj/Fire      ######..     1%          4    N/A
w - Blink                 Tloc           N/A          7%          2    N/A
y - Apportation           Tloc           ##....       4%          1    N/A
z - Fireball              Conj/Fire      ######....   1%          5    N/A

Your spell library contained the following spells:

 Spells                   Type           Power        Failure   Level  Hunger
 Magic Dart               Conj           ####         1%          1    N/A
 Sting                    Conj/Pois      ####         1%          1    N/A
 Throw Flame              Conj/Fire      ######       1%          2    N/A
 Inner Flame              Hex/Fire       ####....     1%          3    N/A
 Mephitic Cloud           Conj/Pois/Air  ####....     3%          3    N/A
 Animate Skeleton         Necr           N/A          4%          1    N/A
 Confusing Touch          Hex            ##....       4%          1    N/A
 Summon Small Mammal      Summ           ##..         4%          1    N/A
 Call Imp                 Summ           ##......     7%          2    N/A
 Poisonous Vapours        Pois/Air       ##....       7%          2    N/A
 Slow                     Hex            ##......     7%          2    N/A
 Sticks to Snakes         Tmut           ##......     7%          2    N/A
 Venom Bolt               Conj/Pois      ####......   13%         5    N/A
 Olgreb's Toxic Radiance  Pois           ##......     43%         4    N/A
 Beastly Appendage        Tmut           Unusable     N/A         1    N/A
 Spider Form              Tmut/Pois      Unusable     N/A         3    N/A
 Ice Form                 Ice/Tmut       Unusable     N/A         4    N/A
 Blade Hands              Tmut           Unusable     N/A         5    N/A

Dungeon Overview and Level Annotations

Branches:
Dungeon (12/15)            Temple (1/1) D:4            Lair (6/6) D:10
 Shoals (0/4) Lair:3       Spider (0/4) Lair:2        Slime (0/5) Lair:6
    Orc (0/2) D:10

Altars:
Ashenzari
Cheibriados
Dithmenos
Elyvilon
Fedhas
Gozag
Hepliaklqana
Kikubaaqudgha
Makhleb
Nemelex Xobeh
Okawaru
Qazlal
Ru
Sif Muna
Trog
Uskayaw
Vehumet
Wu Jian
Xom
Yredelemnul
Zin
The Shining One
Jiyva

Shops:
D:4 *(?*   D:6 [   D:7 *   D:10 !

Annotations:
Lair:4 3 runed translucent doors, Afaug's ghost, journeyman MiFi
Lair:5 3 runed translucent doors, Libboc's ghost, journeyman DEFE


Innate Abilities, Weirdness & Mutations

You do not eat or drink.
Your flesh is vulnerable to fire.
You are immune to poison.
Your flesh is cold resistant. (rC+)
You are immune to negative energy. (rN+++)
You are immune to unholy pain and torment.
You can survive without breathing.
You are in touch with the powers of death.


Message History

You see here a +1 battleaxe of freezing.
You start resting.
The cyclops is too close now for your liking.
Aim: a cyclops The fireball explodes!
The fireball engulfs the cyclops!
The cyclops throws a large rock.
The large rock barely misses you.
Aim: a cyclops (moderately wounded)
The fireball explodes!
The fireball engulfs the cyclops!
Aim: a cyclops (heavily wounded)
The fireball explodes!
The fireball engulfs the cyclops!
The cyclops throws a large rock.
The large rock closely misses you.
Aim: a cyclops (severely wounded)
The fireball explodes!
The fireball engulfs the cyclops!!
You kill the cyclops!
Aim: an eight-headed hydra (moderately wounded)
The fireball explodes!
The fireball engulfs the eight-headed hydra!!
Aim: an eight-headed hydra (severely wounded, chance to defeat MR: 51%)
Okay, then.
Aim: an eight-headed hydra (severely wounded, chance to defeat MR: 51%)
The eight-headed hydra resists with significant effort.
Aim: an eight-headed hydra (severely wounded, chance to defeat MR: 51%)
The eight-headed hydra is blasted!
The eight-headed hydra barely misses you.
The eight-headed hydra bites you but does no damage.
The eight-headed hydra bites you!
The eight-headed hydra bites you but does no damage.
The eight-headed hydra bites you! The eight-headed hydra misses you.
The eight-headed hydra bites you.
* * * LOW HITPOINT WARNING * * *
The eight-headed hydra closely misses you.
Aim: an eight-headed hydra (almost dead, chance to defeat MR: 51%)
The eight-headed hydra resists with significant effort.
The eight-headed hydra bites you.
* * * LOW HITPOINT WARNING * * *
The eight-headed hydra misses you. The eight-headed hydra bites you!
* * * LOW HITPOINT WARNING * * *
The eight-headed hydra bites you!
* * * LOW HITPOINT WARNING * * *
The eight-headed hydra bites you but does no damage.
The eight-headed hydra bites you.
* * * LOW HITPOINT WARNING * * *
The eight-headed hydra barely misses you. x2
You miscast Blink.
You are very lightly contaminated with residual magic.
Nothing appears to happen.
The eight-headed hydra bites you!
* * * LOW HITPOINT WARNING * * *
The eight-headed hydra bites you!
You die...
Your body crumbles into a pile of gold.

#....########### ...
. #..............##
##C .## .$
#....#########..###.#
#.##.. ##.#.#
#.$(.[.##.# #.....
#.#.#
#)##.)$)CD###..##
#.#.#
#.##.####....$..#
#.#.# #(##.#
#...$...# #...#
#D##............#
#######...#
#@#######...##....
#.........#### #.#
#...# .###
#.##.........# #.#
#...# .#
#.##.........# #(#
#...# .#
#.##.........###.###
#...# .#
#.#####......))%...#
#...
..........##.....#.#
#.##.........#####.##
#.##.#...########...#


You could see an eight-headed hydra.

Vanquished Creatures
  A frost giant (D:12)
  A fire dragon (Lair:6)
  7 hydras
  Harold (D:8)
  A catoblepas (Lair:6)
  Erica (D:8)
  7 death yaks
  Urug (D:11)
  A swamp dragon (Lair:6)
  An oklob plant (D:10)
  A deep elf mage (D:12)
  An ugly thing (D:12)
  2 manticores
  4 elephants
  2 cyclopes
  2 black mambas
  Joseph (D:8)
  A torpor snail (Lair:6)
  2 gargoyles (D:10)
  6 spiny frogs
  6 komodo dragons
  4 rime drakes
  A troll (shapeshifter) (D:12)
  6 polar bears
  3 trolls
  3 hornets
  11 blink frogs
  5 hippogriffs
  34 yaks
  2 wyverns
  4 basilisks
  3 hogs (D:7)
  A human (D:7)
  2 steam dragons (Lair:6)
  10 vampire mosquitoes (D:12)
  2 acid dragons
  14 water moccasins
  5 porcupines
  A black bear (D:6)
  2 swamp drakes (Lair:6)
  5 ice beasts
  An orc warrior (D:11)
  A phantom (D:6)
  A necrophage (D:10)
  6 sky beasts
  53 wolves
  2 eyes of draining (D:10)
  9 ogres
  6 centaurs
  15 crocodiles
  2 big kobolds
  A gnoll sergeant (D:8)
  25 bullfrogs
  5 scorpions
  3 wights (D:12)
  7 killer bees
  A howler monkey (D:6)
  5 crimson imps
  2 lava snakes (D:8)
  A bullfrog zombie (D:12)
  2 centaur zombies
  A quasit (D:11)
  2 bullfrog skeletons
  7 jellies
  5 hounds
  5 orc priests
  Jessica (D:2)
  A centaur skeleton (D:4)
  8 orc wizards
  Ijyb (D:4)
  5 iguanas
  Natasha (thrice) (D:3)
  9 worker ants
  7 gnolls
  A worker ant zombie (D:9)
  2 howler monkey zombies
  2 river rats (D:4)
  15 adders
  8 shadow imps
  3 oozes
  An adder skeleton (D:8)
  2 adder zombies
  3 worms
  5 dart slugs
  8 leopard geckos
  28 orcs
  9 bats
  3 giant cockroaches
  17 goblins
  5 hobgoblins
  10 jackals
  7 quokkas
  2 ball pythons
  7 frilled lizards
  15 kobolds
  A leopard gecko skeleton (D:4)
  2 quokka skeletons
  12 rats
  A spectral orc (D:6)
  6 fungi
  5 plants
551 creatures vanquished.

Vanquished Creatures (others)
  9 fungi
  16 plants
  A withered plant (Lair:4)
26 creatures vanquished.

Grand Total: 577 creatures vanquished

Notes
Turn   | Place    | Note
-------+----------+-------------------------------------------
     0 | D:1      | vurker the Mummy Fire Elementalist began the quest for the
                  | Orb.
     0 | D:1      | Reached XP level 1. HP: 13/13 MP: 4/4
   292 | D:1      | Reached skill level 1 in Conjurations
   333 | D:1      | Reached skill level 3 in Spellcasting
   333 | D:1      | Reached XP level 2. HP: 20/20 MP: 0/6
  1130 | D:1      | Reached XP level 3. HP: 25/25 MP: 4/7
  2026 | D:2      | Reached XP level 4. HP: 31/31 MP: 9/9
  2205 | D:2      | Reached skill level 1 in Fighting
  2392 | D:2      | Noticed Jessica
  2402 | D:2      | Killed Jessica
  2572 | D:2      | Found a blossoming altar of Fedhas.
  2572 | D:2      | Found an ancient bone altar of Kikubaaqudgha.
  3109 | D:3      | Reached skill level 4 in Spellcasting
  3387 | D:3      | Noticed Natasha
  3394 | D:3      | Killed Natasha
  3394 | D:3      | Reached XP level 5. HP: 32/37 MP: 11/11
  3492 | D:3      | Noticed Natasha
  3505 | D:3      | Killed Natasha
  4012 | D:3      | Noticed Natasha
  4020 | D:3      | Killed Natasha
  4141 | D:3      | Reached XP level 6. HP: 21/44 MP: 13/13
  4436 | D:4      | Found Waotevev's General Store.
  4439 | D:4      | Bought a scroll of identify for 24 gold pieces
  4439 | D:4      | Bought a scroll of identify for 24 gold pieces
  4486 | D:4      | HP: 2/44 [orc priest/+0 hand axe (8)]
  4488 | D:4      | Reached skill level 5 in Spellcasting
  5218 | D:4      | Reached XP level 7. HP: 20/51 MP: 15/15
  5397 | D:4      | Found a staircase to the Ecumenical Temple.
  5423 | Temple   | Entered the Ecumenical Temple
  5589 | Temple   | Became a worshipper of Gozag Ym Sagoz the Greedy
  5705 | D:4      | Found Cehok's Magic Scroll Boutique.
  5834 | D:4      | Bought a scroll of blinking for 75 gold pieces
  5834 | D:4      | Bought a scroll of identify for 20 gold pieces
  5834 | D:4      | Bought a scroll of identify for 20 gold pieces
  5834 | D:4      | Bought a scroll of identify for 20 gold pieces
  5834 | D:4      | Bought a scroll of identify for 20 gold pieces
  5838 | D:4      | Found Esaa's General Store.
  5892 | D:4      | Found Rotur's Weapon Boutique.
  6056 | D:4      | Found a shimmering blue altar of Sif Muna.
  6319 | D:4      | Noticed Ijyb
  6337 | D:4      | Killed Ijyb
  6610 | D:5      | Entered Level 5 of the Dungeon
  6616 | D:5      | Learned a level 4 spell: Sticky Flame
  6620 | D:5      | Learned a level 3 spell: Conjure Flame
  6626 | D:5      | Learned a level 5 spell: Fireball
  7157 | D:5      | Found a sparkling altar of Nemelex Xobeh.
  7630 | D:5      | Learned a level 1 spell: Apportation
  7707 | D:6      | Reached skill level 6 in Spellcasting
  7804 | D:6      | Found Ageameh's Antique Armour Shop.
  7812 | D:6      | Bought an ichor-stained leather armour for 133 gold pieces
  7822 | D:6      | Identified the +1 leather armour of Pleasant Breezes {rN++
                  | Int-5 SInv} (You bought it in a shop on level 6 of the
                  | Dungeon)
  7898 | D:6      | Noticed a hornet
  7915 | D:6      | Killed a hornet
  7915 | D:6      | Reached skill level 1 in Evocations
  7915 | D:6      | Reached XP level 8. HP: 27/58 MP: 8/17
  8315 | D:6      | Reached skill level 5 in Fire Magic
  8701 | D:6      | Reached skill level 7 in Spellcasting
  9086 | D:6      | Found a basalt altar of Yredelemnul.
  9203 | D:7      | Found a shattered altar of Ashenzari.
  9213 | D:7      | Found a shimmering altar of Xom.
  9214 | D:7      | Found a burning altar of Makhleb.
  9217 | D:7      | Paralysed by a crimson imp for 6 turns
  9226 | D:7      | Paralysed by a crimson imp for 3 turns
  9867 | D:7      | Reached skill level 5 in Conjurations
  9867 | D:7      | Reached XP level 9. HP: 65/65 MP: 20/20
  9883 | D:7      | Reached skill level 8 in Spellcasting
 10224 | D:7      | Found Omep's General Store.
 11177 | D:4      | Bought a scroll of enchant armour for 75 gold pieces
 11177 | D:4      | Bought a scroll of fear for 35 gold pieces
 11212 | D:4      | Bought a scroll of summoning for 114 gold pieces
 11212 | D:4      | Bought a scroll of magic mapping for 42 gold pieces
 11253 | D:4      | Bought a scroll of enchant armour for 75 gold pieces
 11471 | D:8      | Noticed Joseph
 11476 | D:8      | Noticed Erica
 11484 | D:8      | Killed Joseph
 11484 | D:8      | Reached skill level 9 in Spellcasting
 11488 | D:8      | Killed Erica
 11488 | D:8      | Reached skill level 5 in Fighting
 11488 | D:8      | Reached XP level 10. HP: 50/74 MP: 12/23
 11635 | D:8      | Found a sparkling altar of Nemelex Xobeh.
 12108 | D:8      | Noticed Harold
 12121 | D:8      | Killed Harold
 12758 | D:8      | Reached skill level 10 in Spellcasting
 13397 | D:8      | Found an ornate altar of the Wu Jian Council.
 14107 | D:9      | Found a radiant altar of Vehumet.
 14108 | D:9      | Found a bloodstained altar of Trog.
 14226 | D:10     | Entered Level 10 of the Dungeon
 14265 | D:10     | Noticed a gargoyle
 14507 | D:10     | Found a staircase to the Orcish Mines.
 14574 | D:10     | Killed a gargoyle
 14634 | D:10     | Found a staircase to the Lair.
 14635 | D:10     | Noticed an oklob plant
 14986 | D:10     | Reached XP level 11. HP: 35/81 MP: 5/25
 15731 | D:10     | Found Wewn's Distillery.
 15948 | D:10     | Learned a level 2 spell: Blink
 16230 | D:10     | Killed an oklob plant
 16230 | D:10     | Reached skill level 11 in Spellcasting
 16420 | D:11     | Noticed a four-headed hydra
 16430 | D:11     | Killed a four-headed hydra
 16646 | D:11     | Noticed Urug
 16766 | D:11     | Killed Urug
 18163 | Lair:1   | Entered Level 1 of the Lair of Beasts
 18412 | Lair:1   | Got a warped trident
 18413 | Lair:1   | Identified the +4 trident of Superiority {freeze, rElec
                  | rPois MR+ Str+3} (You found it on level 1 of the Lair of
                  | Beasts)
 19247 | Lair:2   | Reached skill level 5 in Evocations
 19491 | Lair:2   | Found a hole to the Spider Nest.
 19638 | Lair:2   | Reached skill level 12 in Spellcasting
 19650 | Lair:2   | Reached XP level 12. HP: 77/89 MP: 15/28
 19784 | Lair:2   | Noticed a five-headed hydra
 19795 | Lair:2   | Killed a five-headed hydra
 19799 | Lair:2   | Noticed a five-headed hydra
 20132 | Lair:2   | Killed a five-headed hydra
 21005 | Lair:3   | Noticed a seven-headed hydra
 21009 | Lair:3   | Killed a seven-headed hydra
 21208 | Lair:3   | Found a staircase to the Shoals.
 21626 | Lair:3   | Reached skill level 13 in Spellcasting
 22268 | Lair:3   | Noticed an eight-headed hydra
 22274 | Lair:3   | Killed an eight-headed hydra
 22903 | Lair:4   | Noticed a death yak
 22915 | Lair:4   | Noticed a death yak
 22915 | Lair:4   | Noticed a death yak
 22934 | Lair:4   | Found a runed translucent gate.
 22934 | Lair:4   | Found a runed translucent gate.
 22934 | Lair:4   | Found a runed translucent gate.
 22990 | Lair:3   | Killed a death yak
 23329 | Lair:3   | Killed a death yak
 23329 | Lair:3   | Reached skill level 10 in Fire Magic
 23451 | Lair:4   | Killed a death yak
 23541 | Lair:4   | Gained mutation: You are in touch with the powers of death.
                  | [Mummy growth]
 23541 | Lair:4   | Reached XP level 13. HP: 98/98 MP: 30/30
 24425 | Lair:4   | Noticed Afaug's ghost (journeyman MiFi)
 24425 | Lair:4   | Noticed Afaug's ghost (journeyman MiFi)
 24778 | Lair:5   | Found a runed translucent gate.
 24778 | Lair:5   | Found a runed translucent gate.
 24778 | Lair:5   | Found a runed translucent gate.
 24891 | Lair:5   | Noticed a death ooze
 24891 | Lair:5   | Noticed Libboc's ghost (journeyman DEFE)
 24916 | Lair:5   | Reached skill level 10 in Conjurations
 25578 | Lair:5   | Found a viscous altar of Jiyva.
 25972 | Lair:5   | Reached skill level 14 in Spellcasting
 26593 | Lair:6   | Entered Level 6 of the Lair of Beasts
 26674 | Lair:6   | Found a runed translucent door.
 26674 | Lair:6   | Found a viscous altar of Jiyva.
 26674 | Lair:6   | Found a staircase to the Slime Pits.
 28891 | Lair:6   | Noticed a fire dragon
 28901 | Lair:6   | Killed a fire dragon
 29266 | Lair:6   | Reached XP level 14. HP: 108/108 MP: 1/32
 30294 | D:12     | Reached skill level 15 in Spellcasting
 30754 | D:12     | Noticed a frost giant
 30775 | D:12     | Killed a frost giant
 31291 | D:12     | HP: 5/108 [eight-headed hydra (13)]
 31291 | D:12     | Mangled by an eight-headed hydra

Levels and vault maps discovered:
D:1:      eino_arrival_water_cross, layout_basic, minmay_quantized
D:2:      layout_basic, grunt_temple_overflow_growth_and_decay, uniq_jessica
D:3:      layout_basic, first_ration, uniq_natasha
D:4:      kennysheep_goblin_castle, layout_loops_ring, kennysheep_little_box,
          minmay_temple_entry_tees, serial_shops, shop, nicolae_shop_stone,
          nicolae_shop_stone, kennysheep_mini_moat, portal_sewer_entry_a
D:5:      layout_basic, nemelex_altar_shiori
D:6:      layout_loops_ring, yredelemnul_forgotten_temple_becter, serial_shops,
          shop_statue
D:7:      minmay_thinvault, layout_loops_cross,
          grunt_temple_overflow_champion_of_chaos,
          ashenzari_conservatory_becter, serial_shops, nicolae_shop_stone,
          roderic_lattice_a, grunt_livestock
D:8:      layout_basic, nicolae_overflow_hidden_temple, basic_altar,
          kennysheep_big_empty_room, uniq_joseph, uniq_harold, uniq_erica
D:9:      layout_roguey, gammafunk_temple_overflow_pools
D:10:     layout_rooms, dpeg_oklobed_lair, orc_0_dummy, serial_shops,
          kennysheep_mini, minmay_mirror_moons_of_madness
D:11:     layout_stronghold, lemuel_flamethrower_1, uniq_urug
D:12:     minmay_outward_triangles, layout_loops_ring
Temple:   chequers_temple_sunken
Lair:1:   layout_cave_pods, serial_bayou_shore_a
Lair:2:   layout_gridlike, nicolae_spider_entry_non_spiders
Lair:3:   layout_regular_city, minmay_shoals_entry_beasts,
          grunt_forest_large_clearings
Lair:4:   layout_concentric_octagons, gammafunk_ghost_cemetery
Lair:5:   layout_regular_city, gammafunk_ghost_ooze,
          chequers_serial_rivers_small_3, serial_bayou_pond_a,
          cheibrodos_lair_lostbears
Lair:6:   guppyfry_lair_end_dragon, layout_regular_city, slime_altar_2,
          hibernation_bobbens, serial_bayou_shore_b, infiniplex_staircase_pool_2

Skill      XL: |  1  2  3  4  5  6  7  8  9 10 11 12 13 14 |
---------------+-------------------------------------------+-----
Conjurations   | 1 2 3 4 5 6 7 8 9 10 11 | 11.1
Spellcasting   | 3 4 5 6 7 9 10 12 13 14 15 | 15.2
Fire Magic     | 3 4 5 6 7 8 10 11 | 11.4
Fighting       | 1 2 3 5 6 8 9 |  9.3
Evocations     | 1 2 3 4 5 |  5.0
Dodging        | |  1.5
Stealth        | |  1.5

Action                   |  1- 3 |  4- 6 |  7- 9 | 10-12 | 13-15 || total
-------------------------+-------+-------+-------+-------+-------++-------
Melee: Dagger            |    12 |    30 |    27 |   111 |       ||   180
       Trident           |       |       |       |     7 |    27 ||    34
 Cast: Flame Tongue      |    58 |   140 |   229 |   338 |    20 ||   785
       Sticky Flame      |       |       |    19 |    77 |    53 ||   149
       Conjure Flame     |       |       |     7 |    12 |     3 ||    22
       Fireball          |       |       |       |   173 |   255 ||   428
       Blink             |       |       |       |     5 |     9 ||    14
Invok: Potion Petition   |       |       |       |     1 |     1 ||     2
Evoke: Wand              |       |       |     3 |    15 |    12 ||    30
  Use: Scroll            |       |     5 |     4 |     4 |     2 ||    15
 Stab: Sleeping          |     1 |       |       |       |       ||     1
Armor: Robe              |     6 |    14 |    42 |    77 |    54 ||   193
Dodge: Dodged            |    21 |    61 |    91 |   191 |    95 ||   459

Table legend:
 A = Non-vault XP
 B = Vault XP
 C = Vault XP percentage of total XP
 D = Non-vault monster count
 E = Vault monster count
 F = Vault count percentage of total count
                 A         B        C        D         E       F
            +---------+---------+-------+---------+---------+-------
      Total |   54576 |   20394 |  27.2 |     417 |     123 |  22.8
            +---------+---------+-------+---------+---------+-------
        D:1 |      42 |       5 |  10.6 |      22 |       3 |  12.0
        D:2 |      72 |      37 |  33.9 |      20 |       1 |   4.8
        D:3 |     208 |      35 |  14.4 |      30 |       1 |   3.2
        D:4 |     425 |      92 |  17.8 |      18 |      17 |  48.6
        D:5 |     122 |       0 |   0.0 |       8 |       0 |   0.0
        D:6 |    1099 |       1 |   0.1 |      17 |       1 |   5.6
        D:7 |     708 |    1817 |  72.0 |      12 |      21 |  63.6
        D:8 |    1222 |    2301 |  65.3 |      33 |       3 |   8.3
        D:9 |    1061 |       0 |   0.0 |      18 |       0 |   0.0
       D:10 |    2623 |    1823 |  41.0 |      33 |       8 |  19.5
       D:11 |    3280 |     824 |  20.1 |      26 |       1 |   3.7
       D:12 |    5825 |    2295 |  28.3 |      39 |       2 |   4.9
     Lair:1 |    1684 |       0 |   0.0 |      12 |       0 |   0.0
     Lair:2 |    6098 |     587 |   8.8 |      25 |       8 |  24.2
     Lair:3 |    5100 |    4216 |  45.3 |      11 |      32 |  74.4
     Lair:4 |    4739 |     297 |   5.9 |      21 |       1 |   4.5
     Lair:5 |   11619 |    1188 |   9.3 |      35 |       4 |  10.3
     Lair:6 |    8649 |    4876 |  36.1 |      37 |      20 |  35.1
            +---------+---------+-------+---------+---------+-------
